 Dungeon Crawl Stone Soup version 0.14-a0-1653-g0ad7a2c (webtiles) character file.

388 M4edhros the Poker (level 6, -4/42 HPs)
             Began as an Octopode Chaos Knight on Dec 28, 2013.
             Was a Plaything of Xom.
             Slain by a gnoll
             ... wielding a +1,+2 spear of venom
              (10 damage)
             ... on Level 3 of the Dungeon.
             The game lasted 00:03:13 (2865 turns).

M4edhros the Poker (Octopode Chaos Knight)          Turns: 2865, Time: 00:03:13

HP  -4/42        AC  1     Str 11      XL: 6   Next: 30%
MP   6/6         EV 12     Int 22      God: Xom
Gold 101         SH  0     Dex 11      Spells:  0 memorised,  5 levels left

rFire  . . .     SeeInvis .     a - +0 spear (chaos)
rCold  . . .     Clarity  .     (no shield)
rNeg   + . .     Conserve .     (helmet restricted)
rPois  .         rCorr    .     h - amulet of warding
rElec  .         rRot     .     f - ring of protection from magic
SustAb . .       Spirit   .     (no ring)
rMut   .         Warding  +     (no ring)
Saprov . . .     Stasis   .     (no ring)
                                (no ring)
                                (no ring)
                                (no ring)
                                (no ring)

@: brilliant, quite poisoned, somewhat resistant to hostile enchantments, fairly
stealthy
A: almost no armour, amphibious, 8 rings, constrict 8, camouflage 1, gelatinous
body 1
a: Renounce Religion


You were on level 3 of the Dungeon.
You worshipped Xom.
You were a toy of Xom.
You were near starving.

You visited 1 branch of the dungeon, and saw 3 of its levels.

You collected 101 gold pieces.

Inventory:

Hand weapons
 a - a +0,+0 spear of chaos (weapon)
Comestibles
 c - a bread ration
 g - an apple
Scrolls
 b - 3 scrolls of teleportation
 i - a scroll of remove curse {unknown}
Jewellery
 f - a ring of protection from magic (left tentacle)
 h - an amulet of warding (around mantle)


   Skills:
 - Level 3.0 Fighting
 + Level 6.9 Polearms
 - Level 2.3 Dodging


You had 5 spell levels left.
You didn't know any spells.

Dungeon Overview and Level Annotations

Branches:
Dungeon (3/16)

Altars:
Fedhas

Annotations:
D:3 Sigmund


Innate Abilities, Weirdness & Mutations

You cannot wear most types of armour.
You are amphibious.
You can wear up to eight rings at the same time.
You can use your tentacles to constrict many enemies at once.
Your skin changes colour to match your surroundings (Stlth).
Your rubbery body absorbs attacks (AC +1).


Message History

You constrict the gnoll, but do no damage.
Unknown command.
Unknown command.
You hit the gnoll. You burn the gnoll.
You kill the gnoll!
The gnoll barely misses you.
Unknown command.
Unknown command.
You feel sick.
The gnoll hits you with a spear of venom.
* * * LOW HITPOINT WARNING * * *
You are more poisoned.
Things that are here:
a whip; a gnoll corpse; an elven falchion; a gnoll corpse You hit the gnoll.
The gnoll is poisoned.
You grab the gnoll.
The gnoll is moderately wounded.
* * * LOW HITPOINT WARNING * * *
You feel sick.
You constrict the gnoll.
The gnoll hits you with a spear of venom!
You die...

#.#.. ....#
#.####.##.#
#.. ...##.#
#..# #..# #..#
# ####..##.###
#g...........
#@##..##.##.
#.##..##
#.##...#
#.##.#.#
#.##.#.#
#.##.#.#
#.##.#.####.##
#.##..>......g
#...........##


You could see a gnoll.

Vanquished Creatures
  2 orc priests (D:3)
  2 orc wizards (D:3)
  3 gnolls (D:3)
  6 adders
  A worm (D:2)
  A giant gecko (D:1)
  An ooze (D:1)
  8 orcs (D:3)
  A giant cockroach (D:2)
  10 goblins
  9 hobgoblins
  4 jackals (D:1)
  9 kobolds
  2 quokkas
  A ball python (D:2)
  6 bats
  5 giant newts
  6 rats
77 creatures vanquished.

Notes
Turn   | Place    | Note
--------------------------------------------------------------
     0 | D:1      | M4edhros, the Octopode Chaos Knight, began the quest for the Orb.
     0 | D:1      | Reached XP level 1. HP: 16/16 MP: 1/1
   132 | D:1      | Reached XP level 2. HP: 5/21 MP: 2/2
   617 | D:1      | Reached skill level 4 in Polearms
   641 | D:1      | Reached XP level 3. HP: 18/26 MP: 3/3
   961 | D:2      | XOM: harmless Trmt miscast
  1354 | D:2      | Reached XP level 4. HP: 19/31 MP: 4/4
  1456 | D:2      | Found a blossoming altar of Fedhas.
  1475 | D:2      | Reached skill level 5 in Polearms
  1748 | D:2      | XOM: divination: magic mapping
  1815 | D:2      | XOM: divination: detect creatures
  1945 | D:3      | Reached XP level 5. HP: 30/36 MP: 5/5
  2201 | D:3      | XOM: potion effect (might)
  2349 | D:3      | XOM: divination: detect items
  2416 | D:3      | Reached skill level 6 in Polearms
  2429 | D:3      | Reached XP level 6. HP: 36/42 MP: 6/6
  2621 | D:3      | Noticed Sigmund
  2854 | D:3      | XOM: potion effect (brilliance)
  2865 | D:3      | Slain by a gnoll

Action                   |  1- 3 |  4- 6 || total
-------------------------+-------+-------++-------
Melee: Spear             |    79 |   119 ||   198
  Use: Scroll            |     3 |     4 ||     7
       Potion            |     1 |     4 ||     5
 Stab: Sleeping          |     3 |     3 ||     6
       Distracted        |       |     1 ||     1
